 Dungeon Crawl Stone Soup version 0.23-a0-416-g33f1def (webtiles) character file.

323712 Amnesiac the Imperceptible (level 20, -2/111 HPs)
             Began as a Spriggan Enchanter on Nov 9, 2018.
             Was the Champion of Dithmenos.
             Slain by a hell knight
             ... wielding a +5 broad axe of chopping
             ... led by Margery
              (7 damage)
             ... on level 2 of the Depths on Nov 10, 2018.
             The game lasted 03:33:20 (52392 turns).

Amnesiac the Imperceptible (Spriggan Enchanter)    Turns: 52392, Time: 03:33:21

Health: -2/111     AC: 14    Str:  2    XL:     20   Next: 69%
Magic:  30/41      EV: 31    Int: 23    God:    Dithmenos [******]
Gold:   2592       SH: 15    Dex: 23    Spells: 0/51 levels left

rFire    + + .     SeeInvis +   a - +9 quick blade
rCold    + . .     Gourm    .   A - +3 warlock's mirror {reflect}
rNeg     . . .     Faith    .   z - +2 robe {rC+ rF+}
rPois    .         Spirit   .   I - +2 hat
rElec    +         Reflect  +   Y - +2 cloak {rF+}
rCorr    .         Harm     .   (gloves unavailable)
MR       +++..                  (boots unavailable)
Stlth    ++++++++++             W - +3 amulet of reflection
HPRegen  0.28/turn              J - +5 ring of protection
MPRegen  0.27/turn              F - ring of Nosaut {rElec Str-2 Dex+4 SInv Stlth+}

@: confusing touch, wreathed by umbra, deflect missiles, very quick
A: very small, unfitting armour, see invisible, herbivore, speed 3, mutation
resistance 1, slow metabolism 2
}: 2/15 runes: decaying, serpentine
a: Shadow Step, Shadow Form, Renounce Religion


You were on level 2 of the Depths.
You worshipped Dithmenos.
Dithmenos was exalted by your worship.
You were not hungry.

You visited 8 branches of the dungeon, and saw 37 of its levels.
You also visited: Labyrinth, Bailey, Ice Cave and Volcano.

You collected 5657 gold pieces.
You spent 3065 gold pieces at shops.

Inventory:

Hand Weapons
 a - a +9 quick blade (weapon)
Missiles
 y - 8 throwing nets (quivered)
Armour
 z - a +2 robe of resistance (worn)
 A - the +3 warlock's mirror (worn) {reflect}
   (You took it off a gnoll in a bailey)
 I - a +2 hat (worn)
 Y - a +2 cloak of fire resistance (worn)
Jewellery
 u - an uncursed ring of wizardry
 x - an uncursed ring of protection from fire
 F - the ring of Nosaut (right hand) {rElec Str-2 Dex+4 SInv Stlth+}
   (You found it on level 6 of the Lair of Beasts)

   [ring of see invisible]

   It affects your strength (-2).
   It affects your dexterity (+4).
   It insulates you from electricity.
   It lets you see invisible.
   It makes you more stealthy.
 J - a +5 ring of protection (left hand)
 W - a +3 amulet of reflection (around neck)
Wands
 b - a wand of disintegration (24)
 j - a wand of paralysis (11)
 r - a wand of digging (17)
 K - a wand of iceblast (19)
 P - a wand of scattershot (4)
 Q - a wand of acid (20)
 S - a wand of clouds (11)
Scrolls
 c - 8 scrolls of magic mapping {!r}
 f - 2 scrolls of summoning {!r}
 l - 10 scrolls of remove curse {!r}
 m - 10 scrolls of identify {!r}
 q - 29 scrolls of teleportation {!r}
 t - 4 scrolls of fog {!r}
 E - 4 scrolls of blinking {!r}
 G - 3 scrolls of fear {!r}
 L - 2 scrolls of vulnerability {!r}
 N - 4 scrolls of amnesia {!r}
Potions
 e - 14 potions of curing {!q}
 i - 2 potions of heal wounds {!q}
 n - 4 potions of brilliance {!q}
 p - 7 potions of might {!q}
 s - 5 potions of flight {!q}
 v - 3 potions of resistance {!q}
 w - 9 potions of haste {!q}
 H - 9 potions of mutation {!q}
 O - 4 potions of agility {!q}
 R - 2 potions of ambrosia {!q}
 U - 3 potions of magic {!q}
 V - a potion of invisibility {!q}
 X - 3 potions of cancellation {!q}
Miscellaneous
 k - 2 boxes of beasts
 B - 5 sacks of spiders
 C - a crystal ball of energy
 D - a lamp of fire
 Z - a lightning rod (4/4)
Comestibles
 d - 28 rations


   Skills:
 - Level 14.0 Fighting
 - Level 10.0 Short Blades
 + Level 12.7 Dodging
 - Level 25.0 Stealth
 - Level 7.2 Shields
 + Level 16.1 Spellcasting
 + Level 16.1 Hexes
 - Level 8.0 Charms
 + Level 6.6 Transmutations
 - Level 6.0 Air Magic
 - Level 6.0 Earth Magic
 - Level 12.0 Invocations
 - Level 4.0 Evocations


You couldn't memorise any spells.
You knew the following spells:

 Your Spells              Type           Power        Failure   Level  Hunger
a - Ensorcelled Hibernat  Hex/Ice        ######       1%          2    None
b - Passwall              Tmut/Erth      #####...     1%          2    None
c - Deflect Missiles      Chrm/Air       ######....   26%         6    ####...
d - Dazzling Spray        Conj/Hex       ######       1%          3    None
e - Confuse               Hex            #######.     0%          3    None
f - Mephitic Cloud        Conj/Pois/Air  ####....     4%          3    None
g - Summon Butterflies    Summ           ###.....     3%          1    None
h - Summon Mana Viper     Hex/Summ       ######..     3%          5    ##.....
i - Apportation           Tloc           ###...       3%          1    None
j - Ozocubu's Armour      Chrm/Ice       #####...     1%          3    None
k - Discord               Hex            #######...   26%         8    #######
q - Yara's Violent Unrav  Hex/Tmut       ######....   1%          5    ##.....
s - Silence               Hex/Air        ######....   1%          5    ##.....
w - Tukima's Dance        Hex            #######.     0%          3    None
z - Confusing Touch       Hex            ######       0%          1    None

Your spell library contained the following spells:

 Spells                   Type           Power        Failure   Level  Hunger
 Corona                   Hex            #######      0%          1    None
 Slow                     Hex            #######.     0%          2    None
 Beastly Appendage        Tmut           #####.       1%          1    None
 Sandblast                Erth           #####.       1%          1    None
 Shock                    Conj/Air       ####         1%          1    None
 Poisonous Vapours        Pois/Air       ####..       1%          2    None
 Sticks to Snakes         Tmut           #####...     1%          2    None
 Swiftness                Chrm/Air       ######..     1%          2    None
 Inner Flame              Hex/Fire       ######..     1%          3    None
 Portal Projectile        Hex/Tloc       ######       1%          3    None
 Cause Fear               Hex            #######...   1%          4    None
 Fulminant Prism          Conj/Hex       ######....   1%          4    None
 Leda's Liquefaction      Hex/Erth       ######....   1%          4    None
 Spider Form              Tmut/Pois      ####......   2%          3    None
 Static Discharge         Conj/Air       ####....     2%          3    None
 Stone Arrow              Conj/Erth      ####..       2%          3    None
 Airstrike                Air            #####.....   2%          4    None
 Petrify                  Tmut/Erth      #####...     2%          4    None
 Animate Skeleton         Necr           N/A          3%          1    None
 Flame Tongue             Conj/Fire      ###..        3%          1    None
 Freeze                   Ice            ###.         3%          1    None
 Magic Dart               Conj           ###.         3%          1    None
 Summon Small Mammal      Summ           ###.         3%          1    None
 Metabolic Englaciation   Hex/Ice        ######....   3%          5    ##.....
 Corpse Rot               Necr           N/A          4%          2    None
 Searing Ray              Conj           ###...       4%          2    None
 Throw Frost              Conj/Ice       ###...       4%          2    None
 Blade Hands              Tmut           #####.....   5%          5    ##.....
 Lee's Rapid Deconstruct  Erth           #####.....   7%          5    ##.....
 Ice Form                 Ice/Tmut       ####....     8%          4    None
 Call Canine Familiar     Summ           ###.....     9%          3    None
 Conjure Flame            Conj/Fire      ###.....     9%          3    None
 Alistair's Intoxication  Tmut/Pois      ####....     22%         5    ##.....
 Lightning Bolt           Conj/Air       ####......   24%         5    ##.....
 Animate Dead             Necr           N/A          30%         4    None
 Force Lance              Conj/Tloc      ###.....     30%         4    None
 Iskenderun's Mystic Bla  Conj           ###.....     30%         4    None
 Summon Ice Beast         Ice/Summ       ###.....     30%         4    None
 Throw Icicle             Conj/Ice       ###.....     30%         4    None
 Summon Forest            Summ/Tloc      ###.......   63%         5    ##.....
 Conjure Ball Lightning   Conj/Air       ####......   80%         6    ####...
 Dragon Form              Tmut           #####.....   86%         7    ######.
 Freezing Cloud           Conj/Ice/Air   ####......   90%         6    ####...
 Bolt of Cold             Conj/Ice       ###.......   99%         6    ####...
 Bolt of Fire             Conj/Fire      ###.......   99%         6    ####...
 Death Channel            Necr           ###.......   99%         6    ####...
 Ozocubu's Refrigeration  Ice            ###.......   99%         6    ####...
 Simulacrum               Ice/Necr       ###.......   99%         6    ####...
 Ring of Flames           Chrm/Fire      #####.....   99%         7    ######.
 Haunt                    Necr/Summ      ###.......   100%        7    ######.
 Summon Hydra             Summ           ###.......   100%        7    ######.
 Borgnjor's Revivificati  Necr           ###.......   100%        8    #######
 Death's Door             Chrm/Necr      #####.....   100%        8    #######
 Infestation              Necr           ###.......   100%        8    #######
 Necromutation            Tmut/Necr      ####......   100%        8    #######
 Dragon's Call            Summ           ###.......   100%        9    #######


Dungeon Overview and Level Annotations

Branches:
Dungeon (15/15)            Temple (1/1) D:5            Lair (6/6) D:9
  Swamp (4/4) Lair:4        Snake (4/4) Lair:3        Slime (0/5) Lair:5
    Orc (2/2) D:9             Elf (3/3) Orc:2        Vaults (0/5) D:13
 Depths (2/5) D:15

Altars:
Ashenzari
Cheibriados
Dithmenos
Elyvilon
Fedhas
Gozag
Hepliaklqana
Kikubaaqudgha
Makhleb
Nemelex Xobeh
Okawaru
Qazlal
Ru
Sif Muna
Trog
Uskayaw
Vehumet
Wu Jian
Xom
Yredelemnul
Zin
The Shining One
Beogh

Shops:
D:10 [   D:11 *   Orc:2 :%!*   Elf:1 ?   Elf:3 (   Snake:2 *   Depths:1 }}=
Depths:2 =

Portals:
Hell: Depths:1 Depths:2
Ziggurat: Depths:1

Annotations:
D:7 2 transporters
Depths:2 Margery, Nikola


Innate Abilities, Weirdness & Mutations

You are very small and have problems with some larger weapons.
You are too small for most types of armour.
You have supernaturally acute eyesight. (SInv)
You are a herbivore.
You cover ground extremely quickly.
You need to consume almost no food.
You are somewhat resistant to further mutation.


Message History

The bolt of fire hits the flying skull.
The flying skull resists.
The flying skull is destroyed!
You deflect the bolt of fire!
Things that are here:
a +0 dagger; a +0 robe You hit Jory but do no damage.
Jory appears confused.
You strike the helpless Jory from behind!
You skewer Jory like a kebab!!!
Jory is moderately damaged.
The phantasmal warrior blinks!
You block the deep troll's attack. The deep troll misses you.
You block the deep troll's attack.
You hit Jory but do no damage.
Jory is moderately damaged.
You catch the helpless Jory completely off-guard!
You stick Jory like a pincushion!!!
Jory is heavily damaged.
You block the fire giant's attack.
You barely miss Jory.
Jory is heavily damaged.
The phantasmal warrior blinks!
The hell knight casts a spell.
The hell knight seems to speed up.
You hit Jory.
Jory is heavily damaged.
The deep troll completely misses you. You block the deep troll's attack.
The deep troll completely misses you.
You hit Jory.
Jory is heavily damaged.
Margery screams, "The ORB is only a tale, but I will kill you anyway!"
Jory hits himself with a +2 great sword of slicing!
Jory bites himself!
You catch the helpless Jory completely off-guard!
You spit Jory like a pig!!!
Jory is almost destroyed.
The fire giant hits you with a +1 great sword of flaming!!
* * * LOW HITPOINT WARNING * * *
You emit a cloud of dark smoke.
The fire giant burns you.
* * * LOW HITPOINT WARNING * * *
You hit Jory.
Jory is almost destroyed.
You block the deep troll's attack. The deep troll completely misses you.
You block the deep troll's attack.
You catch the helpless Jory completely off-guard!
You skewer Jory like a kebab!!!
You destroy Jory!
Dithmenos accepts your kill. You block the hell knight's attack.
Margery's soul is no longer bound.
The phantasmal warrior blinks!
The fire giant gestures at you while chanting.
The bolt of fire misses you.
Casting: Confusing Touch (safe; 0% risk of failure)
Confirm with . or Enter, or press ? or * to list all spells.
Your hands begin to glow red.
The hell knight gestures at you while chanting.
Your +3 warlock's mirror {reflect} reflects the puff of flame!
The puff of flame hits the hell knight.
The hell knight completely resists.
You swing at nothing.
The hell knight gestures at you while chanting.
The puff of flame misses you.
The hell knight hits you with a +5 broad axe of chopping!!
* * * LOW HITPOINT WARNING * * *
You emit a cloud of dark smoke.
You die...

###### #....# ..# #.##.# #..
#.##.############# ##..#
#.##....#........#
.......###z#####.#........#
#.##..W....# #§#........#
...#.##z##.# ###@#.....####
.....#§§.#C###.#p#.###.###
.....§§§.pzZ(..§.#.#...[.#####
#.#..#§zC#§#.#.#.#.#.#.#.....#
....§§ZT##.p.((.()....>+.....#
.....§§§§@§#.......#.#.#.....#
..#..#§##p§.<.(.#(...#.#.....#
.......[#(.......))).#.#.#####
..#......((.....#..[<#...#


You could see a hell knight.

Vanquished Creatures
  Vashnia (Snake:4)
  Jory (Depths:2)
  An Ice Fiend (IceCv)
  Asterion (Depths:2)
  3 deep elf blademasters
  3 liches (Depths:1)
  2 deep elf master archers (Elf:3)
  5 thorn hunters
  Agnes (Elf:2)
  6 nagarajas
  2 fire giants
  6 deep elf sorcerers (Elf:3)
  2 frost giants (Depths:1)
  A cacodemon (D:13)
  4 deep elf elementalists (Elf:3)
  Louise (Elf:2)
  4 very ugly things
  A ghoul (Swamp:1)
  A spriggan defender (Depths:1)
  A stone giant (Depths:2)
  4 deep elf demonologists
  A vampire knight (D:14)
  6 dire elephants (Lair:6)
  2 minotaurs
  The ghost of BeetlePuke the Spear-Bearer, a journeyman DsAK of Lugonu (D:14)
  7 deep elf annihilators (Elf:3)
  8 spark wasps (Depths:1)
  4 deep elf death magi
  5 fire dragons
  Snorg (Lair:6)
  5 jiangshi
  3 ettins (Depths:1)
  The ghost of Ulleu the Covert, a journeyman OpWn of Gozag (D:13)
  2 yaktaur captains
  A great orb of eyes (Depths:1)
  2 ice dragons (Depths:1)
  8 vault guards (D:13)
  3 deep elf high priests
  17 hydras
  A rakshasa (Depths:2)
  A spriggan air mage (Depths:2)
  4 centaur warriors
  A ghost crab (Swamp:3)
  3 shambling mangroves (Swamp:3)
  9 anacondas
  15 naga warriors
  3 alligators
  2 ogre magi (Depths:1)
  A catoblepas (D:14)
  15 two-headed ogres
  A deep troll earth mage (Depths:1)
  4 tengu warriors (D:15)
  30 dancing weapons
  4 shock serpents
  4 vampire magi
  An orc high priest (Elf:3)
  18 naga sharpshooters
  12 deep elf knights
  Nergalle (Lair:2)
  2 hell knights (Depths:2)
  2 fire crabs (Swamp:4)
  8 spriggans
  A deep troll (Depths:2)
  4 spriggan druids
  3 unseen horrors
  3 sea snakes (Snake:2)
  2 glowing orange brains
  7 swamp dragons
  6 naga ritualists
  2 wizards
  2 necromancers
  11 mana vipers
  11 deep elf archers
  4 phantasmal warriors
  3 frost giant zombies (Depths:2)
  13 orc knights
  2 orc sorcerers
  51 deep elf magi
  5 oklob plants
  3 cyclopes
  A manticore (D:14)
  28 ugly things
  A sphinx skeleton (Depths:1)
  A fire giant zombie (Depths:2)
  2 salamanders
  A stone giant skeleton (Depths:1)
  27 naga magi
  25 black mambas
  2 guardian serpents
  An ice statue (IceCv)
  4 elephants (Lair:6)
  16 spiny frogs
  A torpor snail (Lair:2)
  2 gargoyles
  7 komodo dragons
  A rime drake (Lair:6)
  A kobold demonologist (D:12)
  2 freezing wraiths (IceCv)
  2 efreet
  4 ice devils (IceCv)
  6 yaktaurs
  3 anaconda simulacra (IceCv)
  A golden dragon simulacrum (IceCv)
  8 trolls
  A tengu conjurer (D:15)
  10 tyrant leeches
  33 blink frogs
  15 hornets
  Grinder (D:6)
  22 slime creatures
  An ettin zombie (Depths:1)
  A tengu simulacrum (Depths:1)
  21 bog bodies
  8 hippogriffs
  7 dream sheep
  A meliai zombie (D:13)
  16 flying skulls
  Sigmund (D:5)
  3 centaur simulacra
  6 shadows
  4 wraiths
  5 wyverns
  2 water elementals (Elf:2)
  18 redbacks
  A wyvern (shapeshifter) (D:13)
  26 yaks
  An ettin skeleton (Depths:2)
  A yak (shapeshifter) (Depths:1)
  6 dire elephant simulacra (IceCv)
  2 neqoxecs (D:13)
  A hungry ghost (D:12)
  3 death yak simulacra (IceCv)
  4 fire elementals
  A basilisk (Lair:4)
  15 vampire mosquitoes
  Menkaure (D:7)
  23 swamp worms
  An iron troll simulacrum (IceCv)
  7 wargs
  21 insubstantial wisps
  36 nagas
  An acid dragon (D:14)
  3 hydra simulacra (IceCv)
  12 porcupines
  10 water moccasins
  51 orc warriors
  A phantom (D:5)
  A sky beast (D:10)
  11 swamp drakes
  3 ice beasts
  A tengu (shapeshifter) (D:15)
  5 necrophages
  20 ogres
  6 wolves
  6 boggarts
  9 crocodiles
  A wolf (shapeshifter) (D:13)
  8 centaurs
  2 big kobolds
  8 gnoll sergeants (Bailey)
  13 bullfrogs
  2 bullfrogs (shapeshifter) (D:13)
  An earth elemental (Elf:3)
  2 scorpions
  3 wyvern skeletons
  2 water moccasin skeletons
  4 killer bees (D:9)
  An elephant simulacrum (IceCv)
  A wight (D:14)
  A troll skeleton (Lab)
  2 electric eels
  5 howler monkeys
  7 crimson imps
  2 centaur zombies
  3 draconian simulacra (IceCv)
  12 hounds
  3 quasits
  3 bullfrog zombies
  7 gnoll shamans
  A centaur skeleton (Lab)
  A jelly (shapeshifter) (D:13)
  5 jellies
  21 orc priests
  A bullfrog skeleton (D:6)
  An iron imp (Depths:1)
  Ijyb (D:5)
  14 worker ants
  Natasha (thrice) (D:3)
  2 iguanas
  21 orc wizards
  2 troll simulacra (IceCv)
  A spriggan simulacrum (IceCv)
  2 wolf simulacra (IceCv)
  2 hound skeletons
  A worker ant zombie (D:9)
  21 gnolls
  A howler monkey skeleton (D:7)
  6 naga simulacra (IceCv)
  10 adders
  3 ogre simulacra (IceCv)
  6 shadow imps
  7 white imps (IceCv)
  3 ufetubi (IceCv)
  7 oozes
  2 adder skeletons
  An adder zombie (D:5)
  5 worms
  2 dart slugs
  8 leopard geckos
  117 orcs
  7 bats
  5 giant cockroaches
  9 goblins
  9 hobgoblins
  6 jackals (D:2)
  17 kobolds
  3 quokkas
  4 frilled lizards
  A jackal skeleton (D:6)
  A jackal zombie (D:5)
  A leopard gecko skeleton (D:5)
  A quokka zombie (D:3)
  9 rats
  7 plants (Lair:6)
1467 creatures vanquished.

Vanquished Creatures (collateral kills)
  Saint Roka (Depths:1)
  A salamander (Snake:4)
  A naga mage (Snake:4)
  2 nagas (Snake:4)
5 creatures vanquished.

Vanquished Creatures (others)
  A centaur warrior (D:15)
  2 dancing weapons (Depths:1)
  A shock serpent (Snake:4)
  A swamp dragon (Swamp:4)
  A lindwurm (Swamp:4)
  A naga mage (Snake:4)
  2 yaktaurs (Depths:2)
  A blink frog (Swamp:4)
  A flying skull (Depths:2)
  2 spriggans (Swamp:3)
  2 steam dragons (Swamp:4)
  A hydra simulacrum (IceCv)
  3 swamp drakes (Swamp:4)
  A boggart (Depths:1)
  2 necrophages (Swamp:1)
  2 white imps (IceCv)
  An ufetubus (IceCv)
  3 orcs
  80 bushes (Depths:1)
  9 fungi
  11 plants
128 creatures vanquished.

Grand Total: 1600 creatures vanquished

Notes
Turn   | Place    | Note
-------+----------+-------------------------------------------
     0 | D:1      | Amnesiac the Spriggan Enchanter began the quest for the
                  | Orb.
     0 | D:1      | Reached XP level 1. HP: 9/9 MP: 5/5
    68 | D:1      | Reached skill level 5 in Stealth
    87 | D:2      | Reached XP level 2. HP: 12/13 MP: 6/6
    91 | D:2      | Learned a level 2 spell: Ensorcelled Hibernation
   392 | D:4      | Reached skill level 6 in Stealth
   392 | D:4      | Reached XP level 3. HP: 14/16 MP: 0/8
   448 | D:4      | Reached skill level 7 in Stealth
   448 | D:4      | Reached XP level 4. HP: 21/21 MP: 6/9
   449 | D:4      | Found a hazy altar of Hepliaklqana.
   450 | D:4      | Found a shattered altar of Ashenzari.
   451 | D:4      | Found a radiant altar of Vehumet.
   455 | D:4      | Reached skill level 8 in Stealth
   885 | D:4      | Reached XP level 5. HP: 24/24 MP: 10/10
   886 | D:4      | Noticed a centaur
   899 | D:4      | Learned a level 3 spell: Confuse
   906 | D:4      | Killed a centaur
  1039 | D:5      | Entered Level 5 of the Dungeon
  1044 | D:5      | Noticed a phantom
  1184 | D:5      | Noticed Ijyb
  1197 | D:5      | Killed Ijyb
  1197 | D:5      | Reached XP level 6. HP: 28/28 MP: 7/11
  1257 | D:5      | Reached skill level 5 in Short Blades
  1627 | D:5      | Reached skill level 5 in Hexes
  1627 | D:5      | Reached XP level 7. HP: 24/32 MP: 1/13
  2025 | D:5      | Found a blossoming altar of Fedhas.
  2624 | D:5      | Noticed Sigmund
  2629 | D:5      | Killed Sigmund
  2744 | D:5      | Reached skill level 9 in Stealth
  2744 | D:5      | Reached XP level 8. HP: 35/36 MP: 3/15
  3128 | D:5      | Found a staircase to the Ecumenical Temple.
  3137 | Temple   | Entered the Ecumenical Temple
  3178 | Temple   | Became a worshipper of Dithmenos the Shadowed
  3447 | D:3      | Noticed Natasha
  3452 | D:3      | Killed Natasha
  3493 | D:3      | Noticed Natasha
  3498 | D:3      | Killed Natasha
  3561 | D:3      | Noticed Terence
  3657 | D:3      | Learned a level 3 spell: Dazzling Spray
  3661 | D:3      | Learned a level 3 spell: Tukima's Dance
  3781 | D:3      | Reached skill level 1 in Fighting
  3863 | D:3      | Noticed Natasha
  3866 | D:3      | Killed Natasha
  3889 | D:3      | Reached * piety under Dithmenos
  4821 | D:2      | Reached skill level 5 in Dodging
  4929 | D:2      | Reached ** piety under Dithmenos
  5313 | D:6      | Noticed Grinder
  5333 | D:6      | Killed Grinder
  5700 | D:6      | Learned a level 1 spell: Confusing Touch
  5702 | D:6      | Learned a level 1 spell: Apportation
  6233 | D:7      | Noticed Menkaure
  6237 | D:7      | Killed Menkaure
  6237 | D:7      | Reached XP level 9. HP: 44/44 MP: 16/16
  6250 | D:7      | Noticed a queen bee
  6276 | D:7      | Found a transporter.
  6312 | D:7      | Found a flagged portal.
  6486 | D:7      | Found a transporter.
  6637 | D:7      | Reached *** piety under Dithmenos
  6855 | Bailey   | Entered a bailey
  6864 | Bailey   | Reached skill level 10 in Stealth
  7210 | Bailey   | HP: 1/44 [gnoll/+0 halberd (12)]
  7885 | Bailey   | Reached skill level 11 in Stealth
  8305 | D:8      | Reached skill level 1 in Shields
  8395 | D:8      | Reached **** piety under Dithmenos
  8395 | D:8      | Reached skill level 12 in Stealth
  8461 | D:8      | Noticed an orc sorcerer
  8470 | D:8      | Killed an orc sorcerer
  8470 | D:8      | Reached XP level 10. HP: 49/49 MP: 11/17
  8471 | D:8      | Noticed a wizard
  8576 | D:8      | Killed a wizard
  8709 | D:8      | Got a steaming buckler
  8851 | D:8      | Found a deep blue altar of Sif Muna.
  8974 | D:9      | Identified the +2 buckler "Oluicou" {rElec rPois rC+ MR-}
                  | (You found it on level 8 of the Dungeon)
  9065 | D:9      | Got a shimmering hunting sling
  9066 | D:9      | Lost strength.
  9066 | D:9      | Identified the +2 hunting sling "Xen Dub" {velocity, rPois
                  | rC+ rN+ Str-4 Dex+3} (You found it on level 9 of the
                  | Dungeon)
  9141 | D:9      | Reached skill level 5 in Shields
  9531 | D:9      | Reached ***** piety under Dithmenos
  9653 | D:9      | Found a staircase to the Lair.
  9757 | D:9      | Noticed an unseen horror
  9772 | D:9      | Killed an unseen horror
 10130 | D:9      | Reached skill level 5 in Spellcasting
 10309 | D:9      | Reached XP level 11. HP: 53/53 MP: 9/19
 10487 | D:9      | Found a staircase to the Orcish Mines.
 10645 | D:10     | Entered Level 10 of the Dungeon
 10645 | D:10     | Noticed a two-headed ogre
 10651 | D:10     | Killed a two-headed ogre
 10845 | D:10     | Noticed a two-headed ogre
 10851 | D:10     | Killed a two-headed ogre
 11169 | D:10     | Found Udappupt's Antique Armour Emporium.
 11177 | D:10     | Bought a runed robe for 96 gold pieces
 11187 | D:10     | Bought a runed robe for 96 gold pieces
 11711 | D:11     | Noticed an unseen horror
 11715 | D:11     | Killed an unseen horror
 11715 | D:11     | Reached skill level 10 in Dodging
 12159 | D:11     | Found Paavanob's Assorted Antiques.
 12164 | D:11     | Bought a scroll labeled RUBREEMIAC for 25 gold pieces
 12164 | D:11     | Bought a scroll labeled KICVOL ZOLOME for 25 gold pieces
 12164 | D:11     | Bought a scroll of identify for 50 gold pieces
 12164 | D:11     | Bought a scroll of identify for 50 gold pieces
 12164 | D:11     | Bought a dented jasper amulet for 125 gold pieces
 12172 | D:11     | Bought a scroll of identify for 50 gold pieces
 12172 | D:11     | Bought a scroll of identify for 50 gold pieces
 12209 | D:11     | Reached skill level 5 in Fighting
 12435 | D:12     | Found a labyrinth entrance.
 12447 | D:12     | Noticed a red ugly thing
 12454 | D:12     | Noticed a two-headed ogre
 12475 | D:12     | Killed a two-headed ogre
 12475 | D:12     | Reached skill level 10 in Hexes
 12483 | D:12     | Found a shadowy altar of Dithmenos.
 12636 | Lab      | Entered a labyrinth
 12782 | Lab      | Found an exit through the horrors of the Abyss.
 12991 | Lab      | Noticed a minotaur
 13204 | Lab      | Killed a minotaur
 13208 | Lab      | Got a fine wooden ring
 13214 | D:12     | Identified the ring of Bisonoustri {*Drain rN+ MR+ Str+2
                  | Int+3} (You found it in a labyrinth)
 13270 | D:12     | Noticed a two-headed ogre
 13278 | D:12     | Learned a level 3 spell: Mephitic Cloud
 13282 | D:12     | Killed a two-headed ogre
 13282 | D:12     | Reached XP level 12. HP: 60/60 MP: 22/22
 13333 | D:12     | Found a bloodstained altar of Trog.
 13619 | D:12     | Found a shimmering altar of Xom.
 14040 | D:13     | Found a runed gate.
 14040 | D:13     | Found a runed gate.
 14040 | D:13     | Found a runed gate.
 14040 | D:13     | Noticed a white very ugly thing
 14083 | D:12     | Killed a white very ugly thing
 14284 | D:13     | Found an opulent altar of Gozag.
 14378 | D:13     | Noticed a vault guard
 14470 | D:13     | Reached skill level 13 in Stealth
 14511 | D:13     | Noticed a vault guard
 14569 | D:13     | Found a runed gate.
 14569 | D:13     | Found a runed gate.
 14570 | D:13     | Noticed a cacodemon
 14574 | D:13     | Found a runed gate.
 14575 | D:13     | Noticed Ulleu's ghost (journeyman OpWn)
 14681 | D:13     | Killed a cacodemon
 14681 | D:13     | Reached skill level 14 in Stealth
 14703 | D:13     | Killed Ulleu's ghost
 14724 | D:13     | Reached XP level 13. HP: 65/65 MP: 8/23
 14837 | D:13     | Reached skill level 15 in Stealth
 15064 | D:13     | Reached skill level 16 in Stealth
 15221 | D:13     | Found a gate to the Vaults.
 15616 | D:14     | Reached skill level 17 in Stealth
 15764 | D:14     | Reached ****** piety under Dithmenos
 15817 | D:14     | Noticed a fire dragon
 16402 | D:14     | Reached skill level 18 in Stealth
 16430 | D:14     | Got a crystal scimitar
 16557 | D:14     | Got a wizard robe
 16582 | D:14     | Killed a fire dragon
 16664 | D:14     | Learned a level 1 spell: Summon Butterflies
 16737 | D:14     | Found a sacrificial altar of Ru.
 16837 | D:14     | Reached skill level 19 in Stealth
 16910 | D:15     | Entered Level 15 of the Dungeon
 16923 | D:15     | Reached skill level 1 in Invocations
 16924 | D:15     | Noticed a vampire knight
 16994 | D:14     | Killed a vampire knight
 16994 | D:14     | Reached XP level 14. HP: 72/72 MP: 3/24
 17101 | D:15     | Found a runed gate.
 17101 | D:15     | Found a runed gate.
 17101 | D:15     | Found a runed gate.
 17102 | D:15     | Noticed BeetlePuke's ghost (journeyman DsAK)
 17155 | D:14     | Killed BeetlePuke's ghost
 17586 | D:15     | Found a roughly hewn altar of Beogh.
 17601 | D:15     | Got an ichor-stained robe
 17612 | D:15     | Identified the +1 robe of Incorporation {Dex+4} (You found
                  | it on level 14 of the Dungeon)
 17622 | D:15     | Identified the +2 robe of Coronation {Str+4} (You found it
                  | on level 15 of the Dungeon)
 17964 | D:15     | Reached skill level 20 in Stealth
 17969 | D:15     | Found a staircase to the Depths.
 17969 | D:15     | Noticed a fire giant
 17982 | D:15     | Killed a fire giant
 18131 | D:15     | Identified Sif Muna's Compendium of the Dislocated Glacier
 18193 | D:15     | Identified the Volume of the Captivating Frostbite
 18201 | D:15     | Learned a level 5 spell: Yara's Violent Unravelling
 18552 | Orc:1    | Entered Level 1 of the Orcish Mines
 19199 | Orc:2    | Entered Level 2 of the Orcish Mines
 19784 | Orc:2    | Found a staircase to the Elven Halls.
 20300 | Orc:2    | Reached skill level 21 in Stealth
 20386 | Orc:2    | Reached skill level 5 in Invocations
 20518 | Orc:2    | Found a roughly hewn altar of Beogh.
 20593 | Orc:2    | Found a deep blue altar of Sif Muna.
 20641 | Orc:2    | Found Peli's General Store.
 20641 | Orc:2    | Found Votyixu's Distillery.
 20645 | Orc:2    | Identified the +11 scimitar of the Spider Nest {slice,
                  | rElec rF+ Int-4} (You found it on level 14 of the Dungeon)
 20656 | Orc:2    | Bought a potion of ambrosia for 88 gold pieces
 20657 | Orc:2    | Gained mutation: You occasionally shout uncontrollably at
                  | your foes. [potion of mutation]
 20657 | Orc:2    | Gained mutation: You are somewhat resistant to further
                  | mutation. [potion of mutation]
 20657 | Orc:2    | Lost mutation: You occasionally shout uncontrollably at
                  | your foes. [potion of mutation]
 20779 | Orc:2    | Found Guanomah's Food Boutique.
 20779 | Orc:2    | Found Asomp's Book Shoppe.
 21125 | Orc:2    | Bought a book of Geomancy for 490 gold pieces
 21125 | Orc:2    | Bought a book of Enchantments for 700 gold pieces
 21128 | Orc:2    | Learned a level 2 spell: Passwall
 21249 | Lair:1   | Entered Level 1 of the Lair of Beasts
 22207 | Lair:2   | Found a burning altar of Makhleb.
 22532 | Lair:2   | Noticed Nergalle
 22549 | Lair:2   | Killed Nergalle
 22549 | Lair:2   | Reached XP level 15. HP: 78/78 MP: 4/27
 23037 | Lair:3   | Learned a level 6 spell: Deflect Missiles
 23487 | Lair:3   | Found a staircase to the Snake Pit.
 23816 | Lair:4   | Reached skill level 22 in Stealth
 24321 | Lair:4   | Found a staircase to the Swamp.
 24844 | Lair:5   | Found a dark tunnel.
 24849 | Volcano  | Entered a volcano
 25193 | Lair:5   | Identified a scroll of acquirement {!r}
 25208 | Lair:5   | Found a staircase to the Slime Pits.
 25448 | Lair:6   | Entered Level 6 of the Lair of Beasts
 26057 | Lair:6   | Noticed Snorg
 26068 | Lair:6   | Killed Snorg
 26068 | Lair:6   | Reached skill level 23 in Stealth
 27959 | Lair:6   | Got a pitted pewter ring
 27960 | Lair:6   | Identified the ring of Nosaut {rElec Str-2 Dex+4 SInv
                  | Stlth+} (You found it on level 6 of the Lair of Beasts)
 28328 | Elf:1    | Entered Level 1 of the Elven Halls
 28357 | Orc:2    | Reached skill level 10 in Fighting
 28646 | Elf:1    | Reached XP level 16. HP: 85/85 MP: 29/29
 28851 | Elf:1    | Reached skill level 10 in Invocations
 28855 | Elf:1    | HP: 4/85 [deep elf archer/arrow (33)]
 29538 | Elf:1    | Found Fuva's Magic Scroll Emporium.
 29542 | Elf:1    | Bought a scroll of holy word for 135 gold pieces
 30138 | Elf:2    | Found a frozen archway.
 30156 | IceCv    | Entered an ice cave
 31255 | IceCv    | Noticed an Ice Fiend
 31258 | IceCv    | Killed an Ice Fiend
 31378 | IceCv    | Got a polished trident
 31428 | Elf:2    | Found a runed gate.
 31430 | Elf:2    | Found a runed gate.
 31448 | Elf:2    | Found a runed gate.
 31465 | Elf:2    | Noticed Louise
 32122 | Elf:2    | Killed Louise
 32393 | Elf:2    | Reached skill level 10 in Spellcasting
 32447 | Elf:2    | Reached XP level 17. HP: 93/93 MP: 32/32
 32451 | Elf:2    | Noticed Agnes
 32455 | Elf:2    | Killed Agnes
 32983 | Elf:3    | Identified a paperback manual
 32983 | Elf:3    | Entered Level 3 of the Elven Halls
 33262 | Elf:3    | Found Etobia's Antique Weapon Emporium.
 33722 | Elf:3    | Noticed a deep elf blademaster
 33746 | Elf:3    | Killed a deep elf blademaster
 33979 | Elf:3    | Identified the cursed +1 falchion "Sueleep" {elec, *Contam
                  | Int+4 Dex+7 SInv}
 34336 | Elf:3    | Got a smoking dagger
 34337 | Elf:3    | Identified the +11 dagger "Heru" {flame, rN+ Int+4 Dex-2}
                  | (You took it off a deep elf elementalist on level 3 of the
                  | Elven Halls)
 34358 | Elf:3    | Noticed a deep elf blademaster
 34392 | Elf:3    | Noticed a deep elf master archer
 34778 | Elf:3    | Killed a deep elf blademaster
 34779 | Elf:3    | Identified the +7 falchion of the Grave {flame, rC+ rN+}
 34938 | Elf:3    | Noticed a deep elf master archer
 34947 | Elf:3    | Killed a deep elf master archer
 34971 | Elf:3    | Noticed a Brimstone Fiend
 35413 | Elf:3    | Identified the Handbook of the Glacier and Black Magic
 35416 | Elf:3    | Identified the Catalogue of Harmful Shape Shifting
 35507 | Elf:3    | Killed a deep elf master archer
 36132 | Swamp:1  | Entered Level 1 of the Swamp
 36670 | Swamp:1  | Reached XP level 18. HP: 76/101 MP: 32/35
 37383 | Swamp:1  | You fall through a shaft!
 37457 | Swamp:3  | Learned a level 5 spell: Summon Mana Viper
 37461 | Swamp:3  | Learned a level 3 spell: Ozocubu's Armour
 38348 | Swamp:3  | Reached skill level 10 in Short Blades
 38405 | Swamp:3  | HP: 2/102 [spriggan rider/+0 spear (12)]
 39612 | Swamp:4  | Entered Level 4 of the Swamp
 40097 | Swamp:4  | Got a decaying rune of Zot
 40963 | Snake:1  | Entered Level 1 of the Snake Pit
 41782 | Snake:1  | Reached skill level 24 in Stealth
 42508 | Snake:2  | Found Kuleum's Assorted Antiques.
 42873 | Snake:2  | Reached XP level 19. HP: 106/106 MP: 38/38
 43017 | Snake:3  | Got a steaming golden ring
 43024 | Snake:3  | Identified the ring "Lanic" {*Tele rPois rN+ Str+4} (You
                  | found it on level 3 of the Snake Pit)
 43723 | Snake:3  | Learned a level 8 spell: Discord
 43776 | Snake:3  | Found a glowing golden altar of the Shining One.
 43801 | Snake:3  | Reached skill level 15 in Spellcasting
 43811 | Snake:3  | Reached skill level 15 in Hexes
 44246 | Snake:4  | Entered Level 4 of the Snake Pit
 44294 | Snake:4  | Reached skill level 1 in Charms
 44298 | Snake:4  | Reached skill level 1 in Transmutations
 44712 | Snake:4  | Reached skill level 1 in Air Magic
 44712 | Snake:4  | Reached skill level 1 in Earth Magic
 45664 | Snake:4  | Reached skill level 1 in Evocations
 46014 | Snake:4  | Noticed Vashnia
 46143 | Snake:4  | Killed Vashnia
 46143 | Snake:4  | Reached skill level 5 in Charms
 46664 | Snake:4  | Got a serpentine rune of Zot
 47314 | Depths:1 | Entered Level 1 of the Depths
 47505 | Depths:2 | Noticed a lich
 47510 | Depths:2 | Found Doeviu's Jewellery Shoppe.
 48232 | Depths:1 | Noticed a Tzitzimitl
 48240 | Depths:1 | Reached skill level 25 in Stealth
 48240 | Depths:1 | Reached XP level 20. HP: 89/111 MP: 40/40
 48666 | Depths:1 | Found a gateway to a ziggurat.
 48878 | Depths:1 | Found a gateway to Hell.
 49078 | Depths:1 | Found Keit's Gadget Boutique.
 49079 | Depths:1 | Found Nichikaff's Jewellery Shoppe.
 49080 | Depths:1 | Found Ebloy's Gadget Boutique.
 49085 | Depths:1 | Bought a wand of digging (6) for 260 gold pieces
 49087 | Depths:1 | Bought a +5 ring of protection for 825 gold pieces
 50295 | Depths:1 | Found the +8 autumn katana {slice, Clar}
 50506 | Depths:1 | Reached skill level 5 in Transmutations
 50720 | Depths:2 | Noticed Saint Roka
 51006 | Depths:2 | Noticed Margery
 51008 | Depths:2 | Noticed Nikola
 51215 | Depths:1 | HP: 2/111 [Saint Roka/+0 long sword (30)]
 51235 | Depths:1 | Killed Saint Roka
 51235 | Depths:1 | Reached skill level 5 in Air Magic
 51557 | Depths:1 | Reached skill level 5 in Earth Magic
 51876 | Depths:2 | Learned a level 5 spell: Silence
 51881 | Depths:2 | Noticed Asterion
 51981 | Depths:2 | Killed Asterion
 52359 | Depths:2 | Noticed Jory
 52372 | Depths:2 | Killed Jory
 52392 | Depths:2 | HP: 5/111 [hell knight/+5 broad axe of chopping[Margery]
                  | (25)]
 52392 | Depths:2 | Slain by a hell knight

Vault maps used:
D:1:      erik_arrival_cave_to_civilisation
D:3:      first_ration, serial_undead, serial_undead_c, serial_undead_b,
          serial_undead_d, serial_undead_f, chequers_serial_rivers_micro_c,
          uniq_natasha, uniq_terence
D:4:      gammafunk_temple_overflow_forgotten, serial_bayou_pond_a
D:5:      lemuel_temple_firewalk_a, fedhas_altar_fruit_tree, uniq_sigmund,
          uniq_ijyb
D:6:      nrook_campfire, uniq_grinder
D:7:      gammafunk_ghost_hive, enter_bailey_3, uniq_menkaure
D:8:      cheibrodos_wizards_tower, kennysheep_mini
D:9:      minmay_imperfect_grid, lair_entry_dummy, david_orc_4,
          hangedman_little_slice_of_home
D:10:     serial_shops, nicolae_shop_temple_entry_statues_fountains
D:11:     serial_shops, kennysheep_little_box, hangedman_decor_peaks_small
D:12:     lab_entry_generic, hangedman_feature_mirror,
          nicolae_dithmenos_shadow_blocks
D:13:     erik_vaults_2, ploomutoo_gammafunk_ghost_potion_laboratory,
          serial_park_tiny_2, hangedman_decor_lopped, david_defended_altar_elf
D:14:     nicolae_ru_awakened_eye, minmay_the_grid_square_5x5_3x3_mashed
D:15:     grunt_enter_depths_giant_problem, biasface_ghost_orc_armoury,
          hangedman_abyss_or_decor_stagger, minmay_diamond_spiral
Temple:   compressed_dpeg_circular_temple
Lair:1:   minmay_holes, grunt_megastairs_3
Lair:2:   basic_altar, worms_lemuel, uniq_nergalle
Lair:3:   minmay_snake_entry_guardpost_small, chequers_serial_rivers_room_a,
          grunt_megastairs_1
Lair:4:   nicolae_swamp_entry_splash_gauntlet, infiniplex_staircase_pool_2
Lair:5:   minmay_slime_entry_oklob_open, nicolae_volcano_entry_s_turn,
          st_stairs_10, lemuel_fruit_fields
Lair:6:   due_jungle_book, wad_woods_river_01, uniq_snorg
Swamp:1:  evilmike_swamp_ruin_house_6, swamp_pool4, hangedman_swamp_ravenous
Swamp:2:  serial_swamp_ruin, evilmike_swamp_ruin_house_5,
          evilmike_swamp_ruin_house_1, evilmike_swamp_ruin_rubble_2,
          swamp_pool1, infiniplex_staircase_pool
Swamp:3:  nicolae_swamp_phyte_club, evilmike_swamp_ruin_house_4
Swamp:4:  swamp_fiery
Snake:1:  grunt_ministairs_14, nicolae_snake_squiggles, spider_trap
Snake:2:  serial_bayou_shore_a, minmay_shop_star, basic_stair_grate_trap
Snake:3:  basic_altar
Snake:4:  snake_pit, uniq_vashnia
Orc:2:    st_orc_town, led_sif_book
Elf:1:    eino_elf_arrival_sip, serial_shops, shop,
          kennysheep_underground_church
Elf:2:    portal_ice_cave_entry_pillars_1, uniq_louise, uniq_agnes
Elf:3:    elf_hall, serial_shops, nicolae_shop_waterfront, spider_trap
Depths:1: enter_ziggurat_e, minmay_hedge_maze, grunt_hell_entry_dis_old,
          spider_trap, roderic_st_hans_cross,
          wheals_unrand_guarded_autumn_katana, minmay_shop_grove
Depths:2: lemuel_vampire_tower, grunt_metal_band, serial_shops,
          nicolae_shop_statue_plus, minmay_strange_pillars, spider_trap,
          hangedman_decor_clover_reticule, uniq_asterion, uniq_nikola,
          uniq_saint_roka
Lab:      labyrinth_fake_exit, lab_block, labyrinth_skeletal_remains,
          nicolae_lab_quarters, nicolae_lab_hexagon, lab_fountain,
          nicolae_lab_do_over
Bailey:   bailey_polearm_gnolls_kennysheep, bailey
IceCv:    ice_cave_caverns_02
Volcano:  volcano_overflow

Skill      XL: |  1  2  3  4  5  6  7  8  9 10 11 12 13 14 15 16 17 18 19 20 |
---------------+-------------------------------------------------------------+-----
Stealth        | 5 6 7 8 9 12 14 19 21 23 24 25 | 25.0
Short Blades   | 2 4 5 8 10 | 10.0
Spellcasting   | 3 4 5 6 7 8 10 12 14 15 16 | 16.1
Hexes          | 5 7 8 10 13 14 15 16 | 16.1
Dodging        | 8 11 12 | 12.7
Fighting       | 3 5 6 7 8 10 11 13 14 | 14.0
Shields        | 3 6 7 |  7.2
Invocations    | 1 5 9 12 | 12.0
Charms         | 6 8 |  8.0
Transmutations | 4 6 |  6.6
Air Magic      | 4 6 |  6.0
Earth Magic    | 4 6 |  6.0
Evocations     | 4 |  4.0

Action                   |  1- 3 |  4- 6 |  7- 9 | 10-12 | 13-15 | 16-18 | 19-21 || total
-------------------------+-------+-------+-------+-------+-------+-------+-------++-------
Melee: Dagger            |    35 |    29 |   281 |   375 |   973 |  1417 |       ||  3110
       Scimitar          |       |       |       |       |    19 |       |       ||    19
       Quick blade       |       |       |       |       |       |    70 |  1419 ||  1489
Throw: Throwing net      |       |       |     1 |     1 |       |       |       ||     2
 Cast: Ensorcelled Hiber |     3 |    21 |   132 |    99 |   324 |    53 |    21 ||   653
       Confuse           |       |    11 |    31 |    69 |    47 |    20 |     4 ||   182
       Dazzling Spray    |       |       |     3 |     9 |    46 |    57 |     5 ||   120
       Confusing Touch   |       |       |       |       |    28 |   171 |   163 ||   362
       Tukima's Dance    |       |       |       |       |     1 |     4 |     3 ||     8
       Passwall          |       |       |       |       |     1 |    10 |     4 ||    15
       Yara's Violent Un |       |       |       |       |       |     3 |     1 ||     4
       Summon Butterflie |       |       |       |       |       |     1 |     1 ||     2
       Deflect Missiles  |       |       |       |       |       |       |     5 ||     5
       Mephitic Cloud    |       |       |       |       |       |       |     1 ||     1
Invok: Shadow Form       |       |       |       |     1 |       |     7 |       ||     8
       Shadow Step       |       |       |       |       |     1 |     2 |     1 ||     4
Evoke: Wand              |       |       |       |     9 |    23 |     3 |     9 ||    44
  Use: Potion            |       |       |     1 |     4 |     3 |     2 |     3 ||    13
       Scroll            |       |       |       |    23 |    13 |    11 |     2 ||    49
 Stab: Sleeping          |    10 |    17 |   125 |   117 |   291 |   150 |    56 ||   766
       Confused          |       |     5 |    15 |    40 |    44 |   156 |   218 ||   478
       Distracted        |       |     1 |     1 |     1 |    10 |     7 |    12 ||    32
       Invisible         |       |       |     1 |     8 |    20 |    39 |     2 ||    70
       Held in net/web   |       |       |     1 |       |       |       |       ||     1
  Eat: Ration            |       |       |     7 |     5 |     7 |    11 |     5 ||    35
Armor: Robe              |     2 |     3 |    15 |     3 |    10 |    33 |    35 ||   101
       Skin              |       |       |       |     7 |       |       |       ||     7
Dodge: Dodged            |    18 |    14 |   184 |   121 |   354 |   831 |   404 ||  1926
       Deflected         |       |       |       |       |       |       |    19 ||    19
Block: Buckler           |       |       |     4 |   111 |   407 |   637 |   403 ||  1562
       Reflection        |       |       |       |     7 |    27 |    30 |    60 ||   124

Table legend:
 A = Non-vault XP
 B = Vault XP
 C = Vault XP percentage of total XP
 D = Non-vault monster count
 E = Vault monster count
 F = Vault count percentage of total count
                 A         B        C        D         E       F
            +---------+---------+-------+---------+---------+-------
      Total |  299846 |  251935 |  45.7 |     923 |     552 |  37.4
            +---------+---------+-------+---------+---------+-------
        D:1 |      49 |       2 |   3.9 |      28 |       2 |   6.7
        D:2 |      55 |       0 |   0.0 |      24 |       0 |   0.0
        D:3 |     174 |      36 |  17.1 |      23 |       2 |   8.0
        D:4 |     403 |       0 |   0.0 |      14 |       0 |   0.0
        D:5 |     880 |     263 |  23.0 |      25 |       2 |   7.4
        D:6 |     510 |     272 |  34.8 |      13 |       1 |   7.1
        D:7 |     586 |     180 |  23.5 |      17 |       5 |  22.7
        D:8 |     612 |    1231 |  66.8 |      11 |       2 |  15.4
        D:9 |    3044 |    2675 |  46.8 |      29 |      45 |  60.8
       D:10 |    2763 |       3 |   0.1 |      11 |       1 |   8.3
       D:11 |    3718 |       0 |   0.0 |      21 |       0 |   0.0
       D:12 |    6446 |    1882 |  22.6 |      36 |       3 |   7.7
       D:13 |     960 |   16699 |  94.6 |       5 |      27 |  84.4
       D:14 |    6781 |   12733 |  65.3 |      20 |      27 |  57.4
       D:15 |   12616 |    3351 |  21.0 |      29 |      12 |  29.3
     Lair:1 |    2409 |    1003 |  29.4 |      10 |       5 |  33.3
     Lair:2 |    3016 |    3656 |  54.8 |      16 |      13 |  44.8
     Lair:3 |    3906 |    1251 |  24.3 |       9 |       8 |  47.1
     Lair:4 |   10211 |     854 |   7.7 |      36 |       5 |  12.2
     Lair:5 |    3461 |    1701 |  33.0 |      14 |       4 |  22.2
     Lair:6 |   15440 |    4919 |  24.2 |      34 |      11 |  24.4
    Swamp:1 |    7922 |    3503 |  30.7 |      25 |      13 |  34.2
    Swamp:2 |    7673 |       0 |   0.0 |      20 |       0 |   0.0
    Swamp:3 |   15903 |   10109 |  38.9 |      51 |       7 |  12.1
    Swamp:4 |   10320 |   13555 |  56.8 |      27 |      25 |  48.1
    Snake:1 |   11788 |     881 |   7.0 |      27 |       2 |   6.9
    Snake:2 |   11940 |       0 |   0.0 |      17 |       0 |   0.0
    Snake:3 |   18189 |       0 |   0.0 |      31 |       0 |   0.0
    Snake:4 |   16663 |   37199 |  69.1 |      32 |      50 |  61.0
      Orc:1 |    4690 |       0 |   0.0 |      59 |       0 |   0.0
      Orc:2 |    2943 |    8849 |  75.0 |      35 |      61 |  63.5
      Elf:1 |   20770 |    5436 |  20.7 |      32 |       9 |  22.0
      Elf:2 |   16316 |   27370 |  62.7 |      25 |      33 |  56.9
      Elf:3 |    8850 |   44235 |  83.3 |      21 |      29 |  58.0
   Depths:1 |   58243 |   17133 |  22.7 |      80 |      24 |  23.1
   Depths:2 |    8364 |   18863 |  69.3 |      15 |      32 |  68.1
        Lab |    1232 |     310 |  20.1 |       1 |       3 |  75.0
     Bailey |       0 |    1227 | 100.0 |       0 |      30 | 100.0
      IceCv |       0 |    9636 | 100.0 |       0 |      55 | 100.0
    Volcano |       0 |     918 | 100.0 |       0 |       4 | 100.0
            +---------+---------+-------+---------+---------+-------
